 Dungeon Crawl Stone Soup version 0.25.1-8-g42b30a86e7 (webtiles) character file.

Game seed: 18405407617394978353

24285 Abzac the Severer (level 13, -14/116 HPs)
             Began as a Hill Orc Fighter on Dec 21, 2020.
             Was the Champion of Okawaru.
             Engulfed by a cloud of flame (27 damage)
             ... on level 4 of the Lair of Beasts.
             The game lasted 00:31:59 (16800 turns).

Abzac the Severer (Hill Orc Fighter)               Turns: 16800, Time: 00:32:00

Health: -14/116    AC: 10    Str: 24    XL:     13   Next: 12%
Magic:  15/21      EV: 16    Int:  8    God:    Okawaru [******]
Gold:   810        SH:  7    Dex: 10    Spells: 12/12 levels left

rFire    . . .     SeeInvis .   a - +1 war axe
rCold    . . .     Gourm    .   P - +0 buckler {AC+3}
rNeg     + . .     Faith    .   b - +0 scale mail
rPois    .         Spirit   .   K - +0 helmet
rElec    .         Reflect  .   e - +0 cloak
rCorr    .         Harm     .   D - +0 pair of gloves
MR       .....                  (no boots)
Stlth    +.........             O - amulet of regeneration
HPRegen  0.69/turn              v - ring of positive energy
MPRegen  0.17/turn              h - +4 ring of evasion

@: heroism, finesse, corroded
A: no striking features
a: Heroism, Finesse, Renounce Religion


You were on level 4 of the Lair of Beasts.
You worshipped Okawaru.
Okawaru was exalted by your worship.
You were not hungry.

You visited 3 branches of the dungeon, and saw 16 of its levels.
You also visited: Bailey.

You collected 810 gold pieces.

Inventory:

Hand Weapons
 a - a +1 war axe (weapon)
 m - a +4 flail of pain
 s - the +3 dagger of Inquiry {chaos, rPois rF+ MP-9, unknown}
   (You found it on level 8 of the Dungeon)

   Each time it hits an enemy it has a different, random effect.
   It protects you from fire.
   It protects you from poison.
   It affects your magic capacity (-9).
 F - the +5 mace of Xeozot {vorpal, *Slow rF+ rC+ Str+5}
   (You found it on level 6 of the Dungeon)

   It inflicts extra damage upon your enemies.
   It affects your strength (+5).
   It protects you from fire.
   It protects you from cold.
   It may slow you when you take damage.
 Y - a +0 mace of protection
Armour
 b - a +0 scale mail (worn)
 e - a +0 cloak (worn)
 D - a +0 pair of gloves (worn)
 K - a +0 helmet (worn)
 P - a +0 buckler of protection (worn)
Jewellery
 h - a +4 ring of evasion (right hand)
 p - an uncursed ring of resist corrosion
 v - a ring of positive energy (left hand)
 z - an uncursed ring of protection from fire
 O - an amulet of regeneration (around neck)
 T - a cursed -4 ring of protection {unknown}
 W - an uncursed ring of stealth
Wands
 H - a wand of flame (25)
 X - a wand of random effects (12)
 Z - a wand of iceblast (10)
Scrolls
 i - 5 scrolls of remove curse
 k - 3 scrolls of immolation {unknown}
 n - 3 scrolls of magic mapping {unknown}
 t - 5 scrolls of teleportation
 x - a scroll of enchant armour {unknown}
 y - 2 scrolls of fear {unknown}
 B - a scroll of fog
 C - a scroll of random uselessness {unknown}
 E - 3 scrolls of identify
 L - 2 scrolls of enchant weapon
 R - a scroll of holy word {unknown}
 S - a scroll of blinking {unknown}
Potions
 d - 3 potions of might
 g - a potion of magic
 j - 2 potions of berserk rage
 l - 5 potions of curing
 o - 5 potions of lignification {unknown}
 q - 2 potions of heal wounds {unknown}
 r - 2 potions of flight
 u - 3 potions of haste
 w - a potion of ambrosia {unknown}
 A - a potion of brilliance {unknown}
 G - a potion of mutation
 M - a potion of stabbing {unknown}
 N - 2 potions of resistance {unknown}
 U - a potion of invisibility {unknown}
 V - a potion of cancellation {unknown}
Comestibles
 c - 9 chunks of flesh
 f - 28 rations


   Skills:
 + Level 11.2(16.2) Fighting
 + Level 16.1(21.2) Axes
 - Level 1.8(14.5) Maces & Flails
 + Level 10.8(15.8) Armour
 - Level 9.1(14.1) Shields
 - Level 11.3 Invocations


You had 12 spell levels left.
You didn't know any spells.
Your spell library contained the following spells:

 Spells                   Type           Power        Failure   Level  Hunger
 Animate Skeleton         Necr           N/A          63%         1    ##.....
 Apportation              Tloc           #.....       63%         1    ##.....
 Corona                   Hex            #......      63%         1    ##.....
 Magic Dart               Conj           #...         63%         1    ##.....
 Sandblast                Erth           #.....       63%         1    ##.....
 Summon Small Mammal      Summ           #...         63%         1    ##.....
 Blink                    Tloc           N/A          77%         2    ###....
 Call Imp                 Summ           #.......     77%         2    ###....
 Passwall                 Tmut/Erth      #.......     77%         2    ###....
 Slow                     Hex            #.......     77%         2    ###....
 Confusing Touch          Hex            #.......     94%         3    ####...
 Conjure Flame            Conj/Fire      #.......     94%         3    ####...
 Gell's Gravitas          Tloc           #.........   94%         3    ####...
 Ignite Poison            Fire/Tmut/Pois #.......     94%         3    ####...
 Mephitic Cloud           Conj/Pois/Air  #.......     94%         3    ####...
 Stone Arrow              Conj/Erth      #.....       94%         3    ####...
 Petrify                  Tmut/Erth      #.......     100%        4    #####..
 Fireball                 Conj/Fire      #.........   100%        5    ######.
 Irradiate                Conj/Tmut      #.........   100%        5    ######.
 Lee's Rapid Deconstruct  Erth           #.........   100%        5    ######.
 Metabolic Englaciation   Hex/Ice        #.........   100%        5    ######.
 Yara's Violent Unravell  Hex/Tmut       #.........   100%        5    ######.
 Hydra Form               Tmut           #.........   100%        6    #######
 Starburst                Conj/Fire      #.........   100%        6    #######
 Statue Form              Tmut/Erth      #........    100%        6    #######
 Dragon Form              Tmut           #.........   100%        7    #######
 Ring of Flames           Chrm/Fire      #.........   100%        7    #######
 Ignition                 Fire           #.........   100%        8    #######


Dungeon Overview and Level Annotations

Branches:
Dungeon (11/15)            Temple (0/1) D:7            Lair (4/6) D:8
 Shoals (0/4) Lair:2        Snake (0/4) Lair:3          Orc (1/2) D:10
 Bailey (visited)

Altars:
Fedhas
Gozag
Kikubaaqudgha
Makhleb
Okawaru
Uskayaw
Xom
Yredelemnul

Shops:
D:7 [

Annotations:
D:8 1 runed translucent door, execc's ghost, novice OpBe
Lair:1 3 runed translucent doors


Message History

The fire crab is severely wounded.
The fire crab breathes flames at you. The blast of flame misses you.
You slash the fire crab!
The fire crab is almost dead.
You are engulfed in blazing flames.
* * * LOW HITPOINT WARNING * * *
You hit the fire crab but do no damage.
The fire crab is almost dead.
You are engulfed in blazing flames.
* * * LOW HITPOINT WARNING * * *
The fire crab breathes flames at you.
The blast of flame engulfs you but does no damage.
You hit the fire crab.
You kill the fire crab!
Okawaru is honoured by your kill.
You are engulfed in blazing flames.
* * * LOW HITPOINT WARNING * * *
You are engulfed in blazing flames.
You die...

....### #.# .#.##
#.# ##.##### #.#
.......# #°#
.P..#..# #°#
######.# #°# ##.#
#°# #..# #°#
##.#########@#
####..'.....°°°°#
#.P#..###########
#......##.......#
#..#.......##...##
#P........###.P..#
##..##.....##.P.##
##...###P...##...#
.....#
##........##


There were no monsters in sight!

Vanquished Creatures
  An entropy weaver (Lair:4)
  3 hydras
  2 two-headed ogres (D:10)
  3 fire crabs (Lair:4)
  An orc knight (D:10)
  2 cyclopes (D:11)
  A black mamba (Lair:4)
  7 spiny frogs
  A komodo dragon (Lair:3)
  A troll (D:10)
  A polar bear (Lair:3)
  Prince Ribbit (Lair:1)
  7 blink frogs
  4 hippogriffs
  28 yaks
  A wraith (D:8)
  4 hogs (D:7)
  2 basilisks
  A human (D:7)
  Menkaure (D:7)
  Edmund (D:4)
  3 water moccasins (Lair:1)
  9 porcupines
  A black bear (D:10)
  5 ice beasts
  A sky beast (D:5)
  3 orc warriors
  2 phantoms
  5 wolves (Lair:4)
  5 ogres
  5 centaurs
  6 crocodiles
  4 big kobolds
  10 bullfrogs
  2 wyvern zombies
  5 scorpions
  3 killer bees (D:10)
  6 crimson imps
  A centaur zombie (D:7)
  A quasit (D:5)
  2 hounds
  3 jellies
  3 orc priests
  A centaur skeleton (D:7)
  3 iguanas
  8 orc wizards
  10 worker ants
  16 adders
  2 adder zombies
  2 worms
  4 leopard geckos
  45 orcs
  7 bats
  3 giant cockroaches
  8 goblins
  4 hobgoblins
  4 jackals
  15 kobolds
  A quokka (D:6)
  2 ball pythons
  3 frilled lizards
  A jackal zombie (D:7)
  A leopard gecko skeleton (D:9)
  A leopard gecko zombie (D:6)
  8 rats
  2 fungi (Lair:4)
  A plant (Lair:4)
310 creatures vanquished.

Vanquished Creatures (others)
  5 bushes (D:8)
  5 fungi (D:8)
  17 plants (D:8)
  4 toadstools (D:1)
31 creatures vanquished.

Grand Total: 341 creatures vanquished

Notes
Turn   | Place    | Note
-------+----------+-------------------------------------------
     0 | D:1      | Abzac the Hill Orc Fighter began the quest for the Orb.
     0 | D:1      | Reached XP level 1. HP: 19/19 MP: 1/1
    40 | D:1      | Reached skill level 3 in Axes
   178 | D:1      | Reached XP level 2. HP: 26/26 MP: 2/2
   734 | D:1      | Reached skill level 4 in Axes
   812 | D:2      | Reached XP level 3. HP: 27/31 MP: 3/3
   870 | D:2      | Reached skill level 5 in Axes
   954 | D:2      | Reached XP level 4. HP: 39/39 MP: 4/4
  1264 | D:2      | Reached skill level 6 in Axes
  1749 | D:2      | Found an iron altar of Okawaru.
  1760 | D:2      | Became a worshipper of Warmaster Okawaru
  1846 | D:3      | Found a basalt altar of Yredelemnul.
  2032 | D:3      | Noticed an ice beast
  2044 | D:3      | Killed an ice beast
  2044 | D:3      | Reached skill level 7 in Axes
  2044 | D:3      | Reached XP level 5. HP: 34/45 MP: 5/5
  2210 | D:3      | Reached skill level 8 in Axes
  2210 | D:3      | Reached XP level 6. HP: 37/51 MP: 6/6
  2437 | D:3      | Found a burning altar of Makhleb.
  2745 | D:4      | Noticed Edmund
  2754 | D:4      | Killed Edmund
  2754 | D:4      | Reached * piety under Okawaru
  2754 | D:4      | Reached skill level 9 in Axes
  2896 | D:4      | Reached XP level 7. HP: 57/57 MP: 7/7
  3312 | D:5      | Entered Level 5 of the Dungeon
  3323 | D:5      | Reached skill level 10 in Axes
  3861 | D:5      | Reached skill level 11 in Axes
  4320 | D:5      | Reached XP level 8. HP: 55/64 MP: 8/8
  4806 | D:6      | Found an ancient bone altar of Kikubaaqudgha.
  4824 | D:6      | Got a faintly glowing mace
  4828 | D:6      | Identified the +5 mace of Xeozot {vorpal, *Slow rF+ rC+
                  | Str+5} (You found it on level 6 of the Dungeon)
  4957 | D:6      | Found an opulent altar of Gozag.
  4980 | D:6      | Reached ** piety under Okawaru
  5165 | D:6      | Found a basalt altar of Yredelemnul.
  5192 | D:6      | Reached skill level 5 in Fighting
  5395 | D:6      | Found a blossoming altar of Fedhas.
  5836 | D:7      | Noticed Menkaure
  5841 | D:7      | Killed Menkaure
  5841 | D:7      | Reached skill level 1 in Maces & Flails
  5950 | D:7      | Reached XP level 9. HP: 46/81 MP: 9/9
  6374 | D:7      | Found a staircase to the Ecumenical Temple.
  6609 | D:7      | Found Emeso's Antique Armour Shoppe.
  6778 | D:7      | Reached *** piety under Okawaru
  6790 | D:7      | Reached skill level 5 in Armour
  6790 | D:7      | Reached skill level 5 in Shields
  7105 | D:8      | Found a staircase to the Lair.
  7450 | D:8      | Noticed a +0 dagger
  7451 | D:8      | Noticed a +0 hand axe
  7453 | D:8      | Found a hide-covered altar of Uskayaw.
  7539 | D:8      | Reached **** piety under Okawaru
  7539 | D:8      | Reached XP level 10. HP: 71/91 MP: 10/10
  7839 | D:8      | Found a runed translucent door.
  7839 | D:8      | Found a shimmering altar of Xom.
  7839 | D:8      | Noticed execc's ghost (novice OpBe)
  7839 | D:8      | Noticed a +1 rapier of chaos
  8557 | D:8      | Got a glimmering dagger
  9064 | D:9      | Reached ***** piety under Okawaru
  9554 | D:9      | Found a flagged portal.
  9657 | Bailey   | Entered a bailey
  9677 | Bailey   | Reached skill level 1 in Invocations
  9714 | Bailey   | Found an iron altar of Okawaru.
  9714 | Bailey   | Noticed a kobold demonologist
  9714 | Bailey   | Noticed an orc high priest
  9717 | Bailey   | Noticed a sixfirhy
  9730 | Bailey   | Noticed a rust devil
  9735 | Bailey   | Noticed an orange demon
  9943 | D:10     | Entered Level 10 of the Dungeon
 10168 | D:10     | Reached skill level 12 in Axes
 10203 | D:10     | Noticed a two-headed ogre
 10223 | D:10     | Killed a two-headed ogre
 10223 | D:10     | Reached skill level 5 in Invocations
 10223 | D:10     | Reached XP level 11. HP: 67/97 MP: 11/15
 10573 | D:10     | Noticed a two-headed ogre
 10592 | D:10     | Killed a two-headed ogre
 10912 | D:10     | Received a gift from Okawaru
 11112 | D:10     | Found a staircase to the Orcish Mines.
 11585 | Orc:1    | Entered Level 1 of the Orcish Mines
 11585 | Orc:1    | Noticed an orc knight
 11586 | Orc:1    | Noticed an orc sorcerer
 11586 | Orc:1    | Noticed a two-headed ogre
 11610 | D:10     | Killed an orc knight
 11829 | D:11     | Noticed a cyclops
 11837 | D:11     | Killed a cyclops
 11837 | D:11     | Reached skill level 13 in Axes
 11968 | D:11     | Noticed a cyclops
 11980 | D:11     | Killed a cyclops
 12179 | Lair:1   | Entered Level 1 of the Lair of Beasts
 12362 | Lair:1   | Noticed a seven-headed hydra
 12374 | Lair:1   | Killed a seven-headed hydra
 12655 | Lair:1   | Noticed an eight-headed hydra
 12665 | Lair:1   | Killed an eight-headed hydra
 12972 | Lair:1   | Reached skill level 14 in Axes
 13215 | Lair:1   | Found a runed translucent gate.
 13215 | Lair:1   | Found a runed translucent gate.
 13215 | Lair:1   | Found a runed translucent gate.
 13215 | Lair:1   | Noticed a minotaur
 13251 | Lair:2   | Found a staircase to the Shoals.
 13251 | Lair:2   | Noticed Prince Ribbit
 13261 | Lair:1   | Reached skill level 10 in Invocations
 13263 | Lair:1   | Killed Prince Ribbit
 13386 | Lair:2   | Reached XP level 12. HP: 97/104 MP: 19/19
 14551 | Lair:3   | Noticed a six-headed hydra
 14564 | Lair:3   | Killed a six-headed hydra
 14671 | Lair:3   | Reached skill level 15 in Axes
 14817 | Lair:3   | Found a staircase to the Snake Pit.
 14887 | Lair:3   | Reached ****** piety under Okawaru
 15194 | Lair:3   | Reached skill level 10 in Fighting
 15387 | Lair:3   | Received a gift from Okawaru
 15851 | Lair:4   | Found a runed translucent door.
 15878 | Lair:4   | Reached skill level 10 in Armour
 16765 | Lair:4   | Noticed an entropy weaver
 16773 | Lair:4   | Reached XP level 13. HP: 96/115 MP: 13/21
 16789 | Lair:4   | Killed an entropy weaver
 16789 | Lair:4   | Reached skill level 16 in Axes
 16800 | Lair:4   | Engulfed by a cloud of flame

Illustrated notes

Levels and vault maps discovered:
D:1:      ldierk_walled_garden_2, layout_basic, chequers_decorated_corner,
          nrook_campfire, ebering_dispersal_statue_hall
D:2:      layout_loops_ring, marbit_many_paths
D:3:      layout_basic, lemuel_doored_altar, lemuel_round_altar, first_ration
D:4:      layout_basic, item_on_display_a, uniq_edmund
D:5:      layout_loops_corners
D:6:      layout_gridville, nicolae_gozag_seed_capital,
          nicolae_overflow_crystal_walls, basic_altar, minmay_misc_feat_columns,
          fedhas_altar_1
D:7:      layout_cave_pools, minmay_temple_entry_proselytizer, serial_shops,
          nicolae_shop_window_shopping, hangedman_decor_slide_cut,
          minmay_misc_feat_iff, grunt_livestock, uniq_menkaure
D:8:      layout_loops_corners, dancing_weapons_uskayaw,
          minmay_lair_entry_grove, ebering_ghost_xom
D:9:      layout_cave_pools, enter_bailey_8
D:10:     layout_stronghold, orc_0_dummy, serial_column_ruins,
          column_ruins_square_large, column_ruins_open_tiny,
          column_ruins_corridor_straight, column_ruins_open_tiny
D:11:     layout_gridville, dk_noncrumbling_4, uniq_josephine
Lair:1:   layout_cave_pods, maelrawn_ghost_gauntlet_escape,
          nicolae_lair_grove_arrangements, minivault_24,
          infiniplex_staircase_pool
Lair:2:   layout_misc_corridors, shoals_dummy_entry, uniq_prince_ribbit2
Lair:3:   layout_hall_layers, dummy_snake_entry, chequers_serial_rivers_small_b
Lair:4:   gammafunk_mikee_crab_dinner, layout_loops_ring
Orc:1:    layout_diamond_mine

Skill      XL: |  1  2  3  4  5  6  7  8  9 10 11 12 13 |
---------------+----------------------------------------+-----
Axes           | 3 4 5 7 8 9 11 12 14 15 16 | 16.1
Fighting       | 8 9 10 11 | 11.2
Maces & Flails | 1 |  1.8
Armour         | 6 9 10 | 10.8
Shields        | 6 9 |  9.1
Invocations    | 5 10 11 | 11.3

Action                   |  1- 3 |  4- 6 |  7- 9 | 10-12 | 13-15 || total
-------------------------+-------+-------+-------+-------+-------++-------
Melee: War axe           |    64 |   123 |   215 |   722 |    24 ||  1148
       Mace              |       |       |    97 |    23 |       ||   120
Invok: Heroism           |       |       |     4 |    11 |       ||    15
       Finesse           |       |       |       |     2 |       ||     2
  Use: Scroll            |       |     4 |     6 |    11 |       ||    21
       Potion            |       |       |     1 |       |       ||     1
  Eat: Chunk             |       |     6 |     7 |    18 |       ||    31
       Ration            |       |       |     3 |     3 |       ||     6
Armor: Scale mail        |    34 |    31 |   100 |   229 |    11 ||   405
Dodge: Dodged            |    19 |    40 |   154 |   330 |     4 ||   547
Block: Kite shield       |    39 |    48 |   156 |   169 |       ||   412
       Buckler           |       |       |       |   105 |     6 ||   111
